AoeStats
← meditator27

African Clearing

504699982Analyzed
4v4 RM · 25d ago on Sep 6, 2026· 28m 44s· 8 players
Game mode
Random Map
Map size
Large (8 player)
Population
200
Speed
Normal
Resources
Standard
Victory
Conquest
Starting age
Dark Age
Ending age
Imperial Age
RankedLock teamsTeams togetherTeam positionsShared explorationLock speedFull tech treeHidden civsTurbo modeCheats
Victory
Defeat
🇸🇪 Britons · Sweden
1187
+17
🇹🇼 Huns · Taiwan
1162
+18
🇳🇱 Mapuche · Netherlands
1144
+19
🇭🇰 Gurjaras · Hong Kong SAR China
1105
+20
🇲🇪 Khitans · Montenegro
1290
-21
🇲🇪 Georgians · Montenegro
1278
-21
🇲🇪 Vietnamese · Montenegro
1155
-17
🇲🇪 Malay · Montenegro
1110
-15
meditator27
5:52 Loom
14:16 Feudal Age
16:34 Double-Bit Axe
19:15 Castle Age
20:18 Bow Saw
20:24 Fletching
21:05 Horse Collar
26:09 Wheelbarrow
25:38 Padded Archer Armor
KillasBillas
4:10 Loom
13:14 Feudal Age
13:59 Double-Bit Axe
19:44 Champi Runner
20:18 Fletching
25:03 Castle Age
25:19 Padded Archer Armor
25:54 Bodkin Arrow
25:59 Crossbowman
28:58 Horse Collar
TornToast5128
17:35 Feudal Age
19:50 Wheelbarrow
21:20 Double-Bit Axe
22:26 Gold Mining
22:32 Stone Mining
22:25 Horse Collar
24:48 Castle Age
24:44 Scale Barding Armor
25:17 Loom
25:48 Hand Cart
26:10 Heavy Plow
26:57 Gold Shaft Mining
26:43 Husbandry
28:44 Chain Barding Armor
Superhoops
7:36 Loom
16:39 Feudal Age
23:29 Castle Age
22:20 Fletching
22:20 Double-Bit Axe
22:18 Horse Collar
24:50 Wheelbarrow
Bager
6:51 Loom
12:57 Feudal Age
17:23 Castle Age
16:01 Scale Barding Armor
17:07 Stone Mining
17:08 Gold Mining
20:47 Bloodlines
23:25 Fletching
Mindza Debela
14:47 Feudal Age
14:28 Loom
15:48 Double-Bit Axe
19:44 Castle Age
18:32 Horse Collar
19:32 Forging
18:46 Man-at-Arms
19:47 Long Swordsman
20:28 Squires
20:50 Arson
21:22 Heavy Plow
21:56 Fletching
24:45 Bodkin Arrow
Emp
9:40 Loom
12:28 Feudal Age
14:24 Forging
23:00 Double-Bit Axe
26:24 Castle Age
25:51 Fletching
27:06 Light Cavalry
27:47 Husbandry
rmilun
3:39 Loom
14:07 Feudal Age
15:00 Double-Bit Axe
20:09 Castle Age
18:31 Fletching
20:13 Gold Mining
20:14 Stone Mining
21:38 Bow Saw
23:13 Wheelbarrow
23:31 Horse Collar
24:49 Heavy Plow
Connection lost

Rejoining the realm…

Still unreachable

The connection could not be restored.

Session expired

The server has moved on; the page needs a fresh start.